Map: Zen LE

Players

prospeKt - Winner!

  • Race: Zerg Zerg
  • League: Platinum
  • Spawn Location: 7:00

VOD

Have the link to the VOD?

Description

Time

  • Played on: June 2, 2020, 3:06 a.m.
  • Length: 18:57
Show
View Real Time Build Order
Export as new Build Order

prospeKt Zerg - Winner!

Build Orders:  

Get SALT Encoding   

  12  0:01  Drone  
  13  0:17  Overlord  
  13  0:31  Drone  
  14  0:42  Drone x2  
  14  0:49  Drone  
  17  1:15  Hatchery  
  16  1:20  Drone  
  16  1:25  Drone  
  18  1:47  Spawning Pool  
  18  1:49  Drone  
  18  1:55  Drone  
  19  2:04  Drone  
  20  2:16  Extractor  
  20  2:19  Drone  
  20  2:37  Drone  
  21  2:50  Drone  
  21  2:57  Overlord  
  21  2:59  Queen x2  
  26  3:10  Drone  
  27  3:21  Drone  
  27  3:23  Drone  
  29  3:30  Drone  
  29  3:36  Overlord  
  30  3:50  Drone  
  30  3:51  Overlord  
  31  4:01  Queen  
  31  4:04  Drone x2  
  35  4:13  Drone  
  35  4:19  Lair  
  36  4:22  Drone  
  36  4:29  Drone  
  38  4:37  Drone x2  
  38  4:38  Extractor  
  39  4:42  Extractor  
  39  4:46  Drone  
  39  4:47  Drone  
  40  4:50  Drone  
  40  4:53  Hatchery  
  40  4:56  Overlord  
  40  5:18  Drone x3  
  40  5:19  Drone  
  44  5:20  Overlord  
  44  5:36  Drone x2  
  46  5:45  Drone  
  47  5:59  Drone x7  
  54  6:20  Drone  
  54  6:21  Roach Warren, Drone  
  54  6:26  Overlord  
  55  6:31  Drone  
  55  6:32  Drone x4  
  55  6:35  Drone  
  55  6:36  Drone x2  
  63  6:49  Drone x2  
  65  6:53  Queen  
  67  7:05  Drone x4  
  71  7:20  Drone  
  71  7:21  Drone x2  
  71  7:26  Extractor  
  71  7:27  Extractor  
  72  7:35  Evolution Chamber  
  71  7:49  Drone  
  72  7:50  Roach  
  74  8:00  Overlord x2  
  74  8:17  Overlord  
  74  8:31  Roach x8  
  74  8:35  Overlord  
  74  8:36  Overlord  
  90  8:48  Drone  
  90  8:49  Drone x7  
  98  9:16  Hatchery  
  98  9:18  Drone x7  
  104  9:25  Hydralisk Den  
  104  9:28  Evolution Chamber  
  104  9:29  Drone x6  
  108  9:36  Drone x2  
  110  9:43  Overlord x5  
  108  10:18  Roach x3  
  108  10:19  Roach  
  103  10:33  Hydralisk x5  
  103  10:34  Hydralisk x6  
  113  10:51  Hydralisk x5  
  121  11:01  Glial Reconstitution  
  121  11:09  Zerg Missile Weapons Level 1  
  116  11:15  Zerg Ground Armor Level 1  
  114  11:32  Hatchery, Drone x2  
  114  11:35  Hatchery, Hydralisk x10  
  114  11:36  Hydralisk x4  
  142  11:47  Extractor  
  141  11:53  Extractor  
  141  11:58  Drone x3, Spore Crawler  
  142  12:16  Spore Crawler  
  141  12:21  Spine Crawler  
  140  12:48  Hydralisk x6  
  140  12:49  Overlord x2  
  152  12:50  Overlord  
  152  12:51  Hydralisk x3  
  152  12:55  Drone x2  
  152  12:56  Unknown  
  160  13:16  Hydralisk  
  160  13:17  Hydralisk x7  
  176  13:29  Overseer x2  
  176  13:33  Hydralisk x10  
  176  13:35  Overlord  
  196  13:56  Spore Crawler  
  195  14:00  Spine Crawler, Drone  
  195  14:01  Drone x5  
  200  15:25  Hatchery  
  200  15:27  Hatchery  
  200  15:28  Hatchery  
  195  15:35  Drone x5  
  195  15:36  Drone x2  
  195  15:37  Drone  
  195  15:38  Drone  
  95  15:40  Hydralisk  
  198  15:45  Zerg Missile Weapons Level 2, Zerg Ground Armor Level 2  
  198  15:49  Tunneling Claws  
  198  15:56  Hatchery  
  195  16:14  Overlord  
  195  16:15  Overlord x2  
  195  16:20  Overlord x3  
  183  17:02  Hydralisk  
  183  17:03  Hydralisk x7  
  183  17:05  Drone  
  200  17:28  Unknown  
  200  17:48  Hatchery  
  199  17:53  Hatchery  
  199  17:57  Drone  
  199  17:58  Drone  
Tags
 
League
Platinum
Matchup
Co-op
Add a new tag
Caveats
  • Supply blocks, unpowered buildings, or Contaminate may cause inaccurate times.
  • Supply counts are checked every 10 seconds.